 Dungeon Crawl Stone Soup version 0.29.1-1-gd02db6906a (webtiles) character file.

Game seed: 10741021167491689904

26429 cdecastro the Black Belt (level 12, -7/103 HPs)
             Began as a Demonspawn Gladiator on Oct 19, 2022.
             Was an Elder of Trog.
             Shot with a bolt by a yaktaur captain (40 damage)
             ... on level 14 of the Dungeon on Oct 21, 2022.
             The game lasted 00:37:33 (22982 turns).

cdecastro the Black Belt (Demonspawn Gladiator)    Turns: 22982, Time: 00:37:41

Health: -7/103     AC:  9    Str: 14    XL:     12   Next: 98%
Magic:  0/12       EV: 13    Int: 15    God:    Trog [****..]
Gold:   981        SH:  0    Dex: 15    Spells: 11/11 levels left

rFire   + . .      SeeInvis .     - Unarmed
rCold   + . .      Faith    .   (no shield)
rNeg    . . .      Spirit   +   O - +0 acid dragon scales
rPois   .          Reflect  .   I - +1 helmet
rElec   .          Harm     .   P - scarf {rC+ rF+}
rCorr   +          Rampage  .   (gloves unavailable)
Will    .....                   (no boots)
Stlth   +.........              (no amulet)
HPRegen 0.27/turn               (no ring)
MPRegen 0.26/turn               (no ring)

@: no status effects
A: claws 3, magic shield, magic regeneration
a: Renounce Religion, Berserk, Trog's Hand, Brothers in Arms


You were on level 14 of the Dungeon.
You worshipped Trog.
Trog was greatly pleased with you.
You visited 2 branches of the dungeon, and saw 15 of its levels.
You also visited: Sewer and Bailey.

You collected 1056 gold pieces.
You spent 75 gold pieces at shops.

Inventory:

Hand Weapons
 a - a +0 trident
 X - a +5 vorpal spear
Missiles
 d - 3 throwing nets
 e - 7 javelins
 f - 148 stones
 q - 11 boomerangs
 J - 10 poisoned darts (quivered)
 Q - a curare-tipped dart
Armour
 b - a +0 leather armour
 k - a +0 cloak
 n - a +0 ring mail
 E - a +3 leather armour
 I - a +1 helmet (worn)
 O - +0 acid dragon scales (worn)
 P - a scarf of resistance (worn)
 U - a +1 cloak of poison resistance
Jewellery
 j - an amulet of magic regeneration
 p - an amulet of the acrobat
 L - an amulet of reflection
Wands
 B - a wand of charming (31)
 S - a wand of roots (2)
 V - a wand of flame (4)
Scrolls
 h - a scroll of magic mapping {unknown}
 i - 2 scrolls of vulnerability {unknown}
 l - 2 scrolls of summoning {unknown}
 o - 2 scrolls of silence {unknown}
 r - 10 scrolls of teleportation
 u - 5 scrolls of poison {unknown}
 y - 4 scrolls of butterflies {unknown}
 z - 2 scrolls of noise {unknown}
 A - 3 scrolls of blinking {unknown}
 G - 2 scrolls of enchant armour {unknown}
 H - 2 scrolls of enchant weapon {unknown}
 M - a scroll of torment {unknown}
 W - a scroll of identify
Potions
 c - 4 potions of might
 g - 2 potions of resistance
 m - 3 potions of attraction
 s - 2 potions of berserk rage
 t - 3 potions of flight
 v - 3 potions of cancellation
 w - 4 potions of mutation
 x - 2 potions of lignification
 C - a potion of invisibility {unknown}
 D - 9 potions of curing
 F - a potion of brilliance {unknown}
 K - 3 potions of heal wounds
 N - a potion of ambrosia
 R - a potion of haste {unknown}
 T - a potion of magic {unknown}


   Skills:
 + Level 12.5 Fighting
 - Level 4.7 Polearms
 - Level 1.7 Throwing
 - Level 5.0 Armour
 - Level 5.0 Dodging
 - Level 15.0 Unarmed Combat


You had 11 spell levels left.
You didn't know any spells.
Your spell library contained the following spells:

 Spells                   Type           Power      Damage    Failure   Level
 Apportation              Tloc           0%         N/A       36%         1
 Necrotise                Necr           0%         1d4       36%         1
 Summon Small Mammal      Summ           0%         N/A       36%         1
 Sublimation of Blood     Necr           0%         N/A       50%         2
 Wereblood                Tmut           0%         N/A       50%         2
 Summon Hydra             Summ           0%         N/A       100%        7


Dungeon Overview and Level Annotations

Branches:
Dungeon (14/15)            Temple (1/1) D:6            Lair (0/5) D:10
    Orc (0/2) D:10         Vaults (0/5) D:14          Sewer (visited)
 Bailey (visited)

Altars:
Ashenzari
Cheibriados
Dithmenos
Fedhas
Gozag
Hepliaklqana
Kikubaaqudgha
Makhleb
Nemelex Xobeh
Okawaru
Qazlal
Ru
Sif Muna
Trog
Uskayaw
Vehumet
Wu Jian
Xom
Yredelemnul

Shops:
D:3 =   D:7 *   D:9 *


Innate Abilities, Weirdness & Mutations

You have claws for hands.
When hurt, damage is shared between your health and your magic reserves.
You regenerate magic rapidly.


Message History

The centaur warrior shoots an arrow.
The arrow closely misses you.
You scratch the cyclops.
The cyclops is lightly wounded.
The centaur warrior shoots an arrow.
The arrow hits you! The cyclops misses you.
You claw the cyclops! Your claw misses the cyclops.
The cyclops is lightly wounded.
The centaur warrior shoots an arrow.
The arrow hits you!
You claw the cyclops!
The cyclops is heavily wounded.
The centaur warrior shoots an arrow.
The arrow hits you!
* * * LOW HITPOINT WARNING * * *
The cyclops hits you!
* * * LOW HITPOINT WARNING * * *
You mangle the cyclops!!
The cyclops is severely wounded.
The centaur warrior shoots an arrow.
The arrow hits you.
* * * LOW HITPOINT WARNING * * *
The cyclops hits you but does no damage.
You mangle the cyclops!!
You kill the cyclops!
Trog accepts your kill.
The centaur warrior shoots an arrow.
The arrow hits you.
* * * LOW HITPOINT WARNING * * *
Okay, then.
Unknown command.
As you read the scroll of teleportation, it crumbles to dust.
You feel strangely unstable.
The centaur warrior shoots an arrow.
The arrow misses you.
Found two stone staircases leading down.
The centaur warrior shoots an arrow.
The arrow barely misses you.
Found a stone staircase leading down.
Your surroundings suddenly seem different. 2 yaktaurs and a yaktaur captain come into view.
Found a potion of curing and a book of Callings.
Found a gate to the Vaults.
The yaktaur shouts! x2; The yaktaur captain shouts!
You hear a shout!
The yaktaur captain wields a +1 vorpal arbalest.
The yaktaur captain shoots a bolt.
The bolt hits you!!!
You die...

#....!........:
........... ...
..............
............. .
.......#.# ...
.......
.....#...###
.......@.c∩#
.....#....c#
... ..#........
. ....#........
..... #........
####. #c.......
# ####.....
.####


You could see a yaktaur captain and 2 yaktaurs.

Vanquished Creatures
  Rupert (D:12)
  Kirke (D:13)
  Snorg (D:12)
  Erolcha (D:12)
  2 boulder beetles (D:12)
  A hydra (D:14)
  3 two-headed ogres
  Lodul (D:10)
  A deep elf pyromancer (D:13)
  A manticore (D:14)
  4 ugly things
  6 cyclopes
  An unseen horror (D:13)
  4 kobold demonologists
  2 hornets
  2 trolls
  6 slime creatures
  Grinder (D:3)
  A shadow (D:11)
  2 wraiths
  11 yaks
  2 basilisks
  3 humans
  A hog (D:13)
  A steam dragon (D:8)
  2 vampire mosquitoes (D:13)
  4 acid dragons
  2 water moccasins
  7 orc warriors
  A black bear (D:5)
  An ice beast (D:8)
  7 centaurs
  17 ogres
  3 phantoms
  2 kobold brigands
  4 bullfrogs
  4 gnoll sergeants (D:10)
  2 necrophages
  4 scorpions
  5 wights (D:9)
  16 killer bees
  9 howler monkeys
  3 lava snakes (D:10)
  2 jellies
  5 hounds
  7 orc priests
  5 iguanas
  16 orc wizards
  Robin (D:2)
  13 gnolls
  14 adders
  A river rat (D:4)
  A shadow imp (D:7)
  5 white imps
  An ufetubus (D:5)
  2 worms (D:4)
  8 dart slugs
  51 orcs
  10 ball pythons
  3 bats
  10 endoplasms
  7 giant cockroaches
  15 goblins
  11 hobgoblins
  5 jackals
  9 quokkas
  9 frilled lizards
  11 kobolds
  7 rats
382 creatures vanquished.

Vanquished Creatures (others)
  Maurice (D:12)
  7 plants (D:3)
8 creatures vanquished.

Grand Total: 390 creatures vanquished

Notes
Turn   | Place    | Note
-------+----------+-------------------------------------------
     0 | D:1      | cdecastro the Demonspawn Gladiator began the quest for the
                  | Orb.
     0 | D:1      | Reached XP level 1. HP: 16/16 MP: 1/1
   144 | D:1      | Gained mutation: You regenerate magic rapidly. [demonic
                  | ancestry]
   144 | D:1      | Reached XP level 2. HP: 11/22 MP: 2/2
   563 | D:1      | Gained mutation: You have sharp fingernails. [demonic
                  | ancestry]
   563 | D:1      | Reached XP level 3. HP: 26/27 MP: 3/3
  1717 | D:2      | Reached XP level 4. HP: 29/33 MP: 4/4
  1737 | D:2      | Noticed Robin
  1796 | D:2      | Killed Robin
  1993 | D:2      | Found a faded altar of an unknown god.
  2009 | D:2      | Prayed at the altar of an unknown god.
  2009 | D:2      | Became a worshipper of Trog the Wrathful
  2009 | D:2      | Reached * piety under Trog
  2259 | D:3      | Reached skill level 1 in Unarmed Combat
  2366 | D:3      | Noticed an ogre
  2821 | D:3      | Reached skill level 2 in Unarmed Combat
  2821 | D:3      | Reached XP level 5. HP: 38/38 MP: 5/5
  2941 | D:3      | Reached ** piety under Trog
  2942 | D:3      | Reached skill level 3 in Unarmed Combat
  2964 | D:3      | Found Patsogim's Jewellery Shoppe.
  3056 | D:3      | Killed an ogre
  3057 | D:3      | Reached XP level 6. HP: 21/44 MP: 6/6
  3287 | D:3      | Reached skill level 4 in Unarmed Combat
  3559 | D:3      | Noticed Grinder
  3570 | D:3      | Paralysed by Grinder for 2 turns
  3581 | D:3      | Paralysed by Grinder for 5 turns
  4094 | D:3      | Killed Grinder
  4095 | D:3      | Reached skill level 5 in Unarmed Combat
  4396 | D:4      | Gained mutation: You have very sharp fingernails. [demonic
                  | ancestry]
  4396 | D:4      | Reached XP level 7. HP: 43/50 MP: 7/7
  4462 | D:4      | Found a glowing drain.
  4466 | Sewer    | Entered a sewer
  4782 | D:4      | Reached skill level 6 in Unarmed Combat
  5567 | D:4      | Identified the +6 short sword "Gehoatto" {spect, rElec}
  6087 | D:4      | Reached skill level 7 in Unarmed Combat
  6325 | D:5      | Entered Level 5 of the Dungeon
  6390 | D:5      | Reached XP level 8. HP: 16/56 MP: 8/8
  6966 | D:5      | Reached skill level 8 in Unarmed Combat
  7468 | D:5      | Reached skill level 9 in Unarmed Combat
  7931 | D:6      | You fall into a shaft and drop 2 floors!
  8039 | D:8      | Reached *** piety under Trog
  8044 | D:8      | Reached skill level 10 in Unarmed Combat
  8044 | D:8      | Gained mutation: You have claws for hands. [demonic
                  | ancestry]
  8044 | D:8      | Reached XP level 9. HP: 61/61 MP: 9/9
  8228 | D:8      | Found a flagged portal.
  8390 | Bailey   | Entered a bailey
  8433 | Bailey   | Reached skill level 11 in Unarmed Combat
  8788 | D:7      | Found Osorgh's Lightly-Used Armoury.
  9730 | D:6      | Found a staircase to the Ecumenical Temple.
  9760 | D:6      | Reached skill level 12 in Unarmed Combat
  9815 | Temple   | Entered the Ecumenical Temple
 10723 | D:7      | Gained mutation: When hurt, damage is shared between your
                  | health and your magic reserves. [demonic ancestry]
 10723 | D:7      | Reached XP level 10. HP: 59/73 MP: 10/10
 10888 | D:7      | Reached **** piety under Trog
 11226 | D:8      | Reached skill level 5 in Fighting
 11528 | D:8      | Noticed a two-headed ogre
 11543 | D:8      | Killed a two-headed ogre
 11860 | D:8      | Noticed a cyclops
 11865 | D:8      | Killed a cyclops
 12763 | D:9      | Found Exesahuw's General Store.
 12818 | D:9      | Bought a potion of heal wounds for 75 gold pieces
 13260 | D:9      | Noticed a two-headed ogre
 13269 | D:9      | Killed a two-headed ogre
 13270 | D:9      | Reached skill level 10 in Fighting
 13816 | D:10     | Entered Level 10 of the Dungeon
 13901 | D:10     | Found a hide-covered altar of Uskayaw.
 13924 | D:10     | Reached XP level 11. HP: 70/90 MP: 7/11
 14115 | D:10     | Found a staircase to the Lair.
 14184 | D:10     | Noticed a two-headed ogre
 15299 | D:10     | Killed a two-headed ogre
 15300 | D:10     | Reached skill level 5 in Dodging
 15300 | D:10     | Reached skill level 1 in Armour
 15522 | D:10     | Found a staircase to the Orcish Mines.
 16935 | D:11     | Reached skill level 5 in Armour
 18510 | D:11     | Reached skill level 13 in Unarmed Combat
 18565 | D:11     | Noticed Lodul
 18679 | D:11     | Reached ***** piety under Trog
 18852 | D:10     | Killed Lodul
 19161 | D:12     | Noticed a white ugly thing
 19168 | D:12     | Killed a white ugly thing
 19169 | D:12     | Reached XP level 12. HP: 97/97 MP: 10/12
 19213 | D:12     | Noticed Rupert
 19237 | D:12     | Killed Rupert
 19238 | D:12     | Reached skill level 14 in Unarmed Combat
 19681 | D:12     | Noticed a boulder beetle
 19694 | D:12     | Killed a boulder beetle
 19806 | D:12     | Noticed Erolcha
 19806 | D:12     | Noticed Maurice
 20199 | D:12     | Noticed Snorg
 20213 | D:12     | Your ally Maurice died
 20249 | D:12     | Killed Snorg
 20335 | D:12     | Noticed a boulder beetle
 20362 | D:12     | Killed a boulder beetle
 20363 | D:12     | Reached skill level 15 in Unarmed Combat
 21109 | D:13     | Identified the +8 trident "Inlarali" {pain, rF+ Dex+6
                  | Stlth-}
 21623 | D:13     | Noticed Kirke
 21631 | D:13     | Noticed a sphinx
 21637 | D:13     | Killed Kirke
 22234 | D:14     | Noticed a six-headed hydra
 22287 | D:12     | Killed Erolcha
 22593 | D:14     | Killed a six-headed hydra
 22971 | D:14     | Noticed a centaur warrior
 22982 | D:14     | Found a gate to the Vaults.
 22982 | D:14     | Noticed a yaktaur captain
 22982 | D:14     | Shot with a bolt by a yaktaur captain

Illustrated notes

Levels and vault maps discovered:
D:1:      lemuel_arrival_river_bridge, layout_loops_corners,
          chequers_decorated_corner, nicolae_figureground_pulse
D:2:      minmay_evil_eye, layout_rooms, ebering_ecumenical_altar_petrified,
          uniq_robin
D:3:      layout_basic, serial_shops, nicolae_shop_waterfront,
          minmay_lizard_king, uniq_grinder
D:4:      layout_loops_corners, gup_sewer_entry_spiral, amethyst_killhole,
          minmay_starry_boxes
D:5:      minmay_razor_zed, layout_basic, minmay_increasing_density
D:6:      layout_rooms, minmay_temple_entry_ruins
D:7:      layout_basic, minmay_shop_damaged, chequers_jeans,
          amcnicky_mini_pool_medium
D:8:      layout_loops_corners, enter_bailey_1, kennysheep_just_a_vault
D:9:      layout_long_grid, nicolae_overflow_crystal_walls, serial_shops,
          kennysheep_little_box, chequers_serial_rivers_micro_e
D:10:     layout_irregular_city, eat_drink_and_be_merry_uskayaw,
          lair_entry_dummy, kennysheep_orc_monster_closet_entryway,
          kennysheep_boxes
D:11:     layout_gridville, kennysheep_generic_room_15, uniq_lodul
D:12:     layout_basic, uniq_snorg, uniq_erolcha, uniq_rupert, uniq_maurice
D:13:     layout_rooms, uniq_kirke
D:14:     layout_big_octagon, david_vaults_2, nrook_uturn, corexii_corridor_pit
Temple:   nicolae_temple_bog_church

Skill      XL: |  1  2  3  4  5  6  7  8  9 10 11 12 |
---------------+-------------------------------------+-----
Polearms       | 3 4 |  4.7
Unarmed Combat | 2 3 5 7 10 12 13 15 | 15.0
Fighting       | 4 10 12 | 12.5
Dodging        | 3 5 |  5.0
Armour         | 5 |  5.0
Throwing       | |  1.7

Action                   |  1- 3 |  4- 6 |  7- 9 | 10-12 || total
-------------------------+-------+-------+-------+-------++-------
Melee: Trident           |   136 |   153 |       |       ||   289
       Punch             |     1 |     1 |    26 |    43 ||    71
       Unarmed           |       |    42 |   440 |   632 ||  1114
       Spear             |       |       |       |     7 ||     7
Throw: Boomerang         |       |       |       |     9 ||     9
       Dart              |       |       |       |     4 ||     4
       Javelin           |       |       |       |     1 ||     1
Invok: Berserk           |       |     5 |    10 |    14 ||    29
       Trog's Hand       |       |     1 |       |     3 ||     4
Evoke: Wand              |       |       |       |     3 ||     3
  Use: Scroll            |       |     7 |     6 |     4 ||    17
       Potion            |       |       |     4 |     2 ||     6
 Stab: Sleeping          |     1 |       |       |       ||     1
Armor: Leather armour    |    23 |       |   104 |    43 ||   170
       Ring mail         |    18 |    54 |    37 |       ||   109
       Skin              |       |       |     5 |    53 ||    58
       Acid dragon scale |       |       |       |   106 ||   106
Dodge: Dodged            |    86 |    97 |   236 |   328 ||   747
